 Dungeon Crawl Stone Soup version 0.28-a0-722-gc0678643b6 (webtiles) character file.

Game seed: 1287848025753750211

39 Lekart the Vexing (level 3, -2/28 HPs)
             Began as a Draconian Arcane Marksman on Oct 24, 2021.
             Engulfed by a cloud of flame (30 damage)
             ... on level 2 of the Dungeon.
             The game lasted 00:00:56 (589 turns).

Lekart the Vexing (Draconian Arcane Marksman)        Turns: 589, Time: 00:00:56

Health: -2/28      AC:  5    Str: 12    XL:     3   Next: 28%
Magic:  4/4        EV: 12    Int: 13    God:
Gold:   9          SH:  0    Dex: 12    Spells: 4/4 levels left

rFire   . . .      SeeInvis .   a - +0 hand crossbow
rCold   . . .      Faith    .   (no shield)
rNeg    . . .      Spirit   .   (armour unavailable)
rPois   .          Reflect  .   (helmet restricted)
rElec   .          Harm     .   (no cloak)
rCorr   .          Rampage  .   (no gloves)
Will    .....                   (no boots)
Stlth   +.........              (no amulet)
HPRegen 0.09/turn               (no ring)
MPRegen 0.09/turn               (no ring)

@: no status effects
A: AC +5, unfitting armour, cold-blooded
a: no special abilities


You were on level 2 of the Dungeon.
You visited 1 branch of the dungeon, and saw 2 of its levels.

You collected 9 gold pieces.

Inventory:

Hand Weapons
 a - a +0 hand crossbow (weapon)
Missiles
 c - 16 bolts (quivered ammo)
Scrolls
 f - a scroll of identify {unknown}
Potions
 b - a potion of curing {unknown}
 d - 2 potions of invisibility {unknown}
 e - a potion of might {unknown}
 g - a potion of brilliance {unknown}


   Skills:
 + Level 1.5 Fighting
 + Level 2.7 Crossbows
 + Level 2.0 Dodging
 + Level 0.1 Stealth
 + Level 1.0 Spellcasting
 + Level 3.0 Hexes


You had 4 spell levels left.
You didn't know any spells.
Your spell library contained the following spells:

 Spells                   Type           Power      Damage    Failure   Level
 Slow                     Hex            8%         N/A       12%         2
 Inner Flame              Hex/Fire       4%         N/A       41%         3
 Portal Projectile        Hex/Tloc       8%         N/A       41%         3
 Cause Fear               Hex            4%         N/A       63%         4


Dungeon Overview and Level Annotations

Branches:
Dungeon (2/15)

Altars:


Innate Abilities, Weirdness & Mutations

Your plain brown scales are hard. (AC +5)
You cannot fit into any form of body armour.
You are cold-blooded and may be slowed by cold attacks.


Message History

The bolt hits the rat.
You kill the rat!
No target in view!
No target in view!
No target in view!
No target in view!
c - 12 bolts (gained 1)
There is a stone staircase leading up here.
Found 17 sling bullets.
c - 13 bolts (gained 1)
You see here an adder corpse.
You shoot a bolt. The bolt hits the endoplasm.
The endoplasm is heavily wounded.
The endoplasm closely misses you.
An endoplasm is nearby!
You shoot a bolt. The bolt hits the endoplasm.
The endoplasm is almost dead.
The endoplasm hits you. The endoplasm barely misses you.
You shoot a bolt. The bolt hits the endoplasm.
You kill the endoplasm!
No target in view!
No target in view!
HP restored.
Found a stone staircase leading down.
c - 11 bolts (gained 1) No target in view!
c - 14 bolts (gained 3)
c - 16 bolts (gained 2) No target in view!
No target in view!
No target in view!
Unknown command.
Really walk into a travel-excluded area?
A ball python comes into view.
Found 11 gold pieces.
The ball python is engulfed in blazing flames.
The ball python dies!
You are engulfed in blazing flames.
Ouch! That really hurt!
You die...

#..####..#
##.†<...#
###...####
#.....#
##.#.#....#
######..#.####.#
##......##.# ..
#...######.# .
#@☼§# #.# #☼○§#
#.# #§.§# #.#
#...# ..$$.
§.$.$.§
§§.$...§.
####...####


There were no monsters in sight!

Vanquished Creatures
  An adder (D:2)
  5 endoplasms
  2 giant cockroaches (D:1)
  A goblin (D:1)
  A hobgoblin (D:1)
  4 jackals (D:1)
  A kobold (D:1)
  A quokka (D:1)
  3 ball pythons (D:1)
  3 bats (D:1)
  2 frilled lizards (D:1)
  5 rats
29 creatures vanquished.

Vanquished Creatures (others)
  A ball python (D:2)
1 creature vanquished.

Grand Total: 30 creatures vanquished

Notes
Turn   | Place    | Note
-------+----------+-------------------------------------------
     0 | D:1      | Lekart the Draconian Arcane Marksman began the quest for
                  | the Orb.
     0 | D:1      | Reached XP level 1. HP: 16/16 MP: 2/2
    39 | D:1      | Reached skill level 3 in Hexes
    39 | D:1      | Reached XP level 2. HP: 19/23 MP: 3/3
   389 | D:1      | Reached XP level 3. HP: 28/28 MP: 4/4
   589 | D:2      | Engulfed by a cloud of flame

Illustrated notes

Levels and vault maps discovered:
D:1:      noname_arrival_rooms_in_the_neighbourhood, layout_rooms
D:2:      layout_rooms, hellmonk_ecumenical_altar_heavens_door,
          lemuel_flame_loot_1

Skill      XL: |  1 |
---------------+----+-----
Dodging        | 2 |  2.0
Crossbows      | 2 |  2.7
Hexes          | 3 |  3.0
Fighting       | |  1.5
Stealth        | |  0.1
Spellcasting   | |  1.0

Action                   || total
-------------------------++-------
 Fire: Hand crossbow     ||    57
Armor: Skin              ||     4
Dodge: Dodged            ||    19

Table legend: (Time is in decaauts)
 A = Elapsed time spent in this place.
 B = Non-inter-level travel time spent in this place.
 C = Inter-level travel time spent in this place.
 D = Time resting spent in this place.
 E = Time spent auto-exploring this place.
 F = Levels seen in this place.
 G = Mean time per level.
                   A        B        C        D        E       F      G
               +--------+--------+--------+--------+--------+-----+--------+
         Total |    612 |    603 |      9 |      0 |    470 |   2 |  306.0 |
       Dungeon |    612 |    603 |      9 |      0 |    470 |   2 |  306.0 |
               +--------+--------+--------+--------+--------+-----+--------+

Top non-repeatable levels by time:
     D:1: 553 daAuts
     D:2: 58 daAuts
